 Dungeon Crawl Stone Soup version 0.15-a0-1798-g4683f23 (webtiles) character file.

57 Chiseanne the Ducker (level 3, 0/19 HPs)
             Began as a Spriggan Fighter on June 30, 2014.
             Slain by a hobgoblin (4 damage)
             ... on Level 2 of the Dungeon.
             The game lasted 00:05:32 (1972 turns).

Chiseanne the Ducker (Spriggan Fighter)             Turns: 1972, Time: 00:05:33

HP   0/19        AC  2     Str 12      XL: 3   Next: 73%
MP   6/6         EV 20     Int  9      God:
Gold 43          SH  6     Dex 16      Spells:  0 memorised,  2 levels left

rFire  . . .     SeeInvis +     a - +0 cutlass
rCold  . . .     Clarity  .     b - +0 robe
rNeg   . . .     rCorr    .     c - +0 buckler
rPois  .         rRot     .     (helmet restricted)
rElec  .         Spirit   .     (no cloak)
SustAb .         Warding  .     (gloves unavailable)
rMut   .         Stasis   .     (boots unavailable)
Gourm  .                        (no amulet)
MR     .....                    (no ring)
                                (no ring)

@: very quick, not resistant to hostile enchantments, unstealthy
A: unfitting armour, see invisible, herbivore 3, speed 3, slow metabolism 2
a: no special abilities


You were on level 2 of the Dungeon.
You were not hungry.

You visited 1 branch of the dungeon, and saw 2 of its levels.

You collected 43 gold pieces.

Inventory:

Hand weapons
 a - a +0 cutlass (weapon)
 g - a +2 dagger of holy wrath
 l - a +0 hand axe of electrocution
 o - a +4 whip of pain
 q - a +1 dagger of holy wrath
Missiles
 i - 2 throwing nets (quivered)
 j - 53 sling bullets
Armour
 b - a +0 robe (worn)
 c - a +0 buckler (worn)
 r - a +0 buckler
Scrolls
 f - a scroll of random uselessness {unknown}
 h - a scroll of teleportation {unknown}
 n - a scroll of remove curse {unknown}
 u - a scroll of identify {unknown}
Potions
 d - a potion of porridge
 e - 2 potions of might
 k - a potion of curing {unknown}
 m - a potion of paralysis {unknown}
 p - a potion of agility {unknown}
 s - a potion of invisibility {unknown}
 t - a potion of haste {unknown}


   Skills:
 - Level 2.4 Fighting
 * Level 2.6 Short Blades
 * Level 6.1 Dodging
 * Level 2.2 Stealth
 - Level 2.1 Shields


You had 2 spell levels left.
You didn't know any spells.

Dungeon Overview and Level Annotations

Branches:
Dungeon (2/15)

Altars:


Innate Abilities, Weirdness & Mutations

You are tiny and cannot use many weapons and most armour.
You have supernaturally acute eyesight.
You are a herbivore.
You cover ground extremely quickly.
You need consume almost no food.


Message History

The hobgoblin shouts!
You hit the hobgoblin.
The hobgoblin is lightly wounded.
The hobgoblin closely misses you. You block the hobgoblin's attack.
You hit the hobgoblin.
The hobgoblin is heavily wounded.
You block the hobgoblin's attack.
You closely miss the hobgoblin.
The hobgoblin is heavily wounded.
You block the hobgoblin's attack.
You hit the hobgoblin but do no damage.
The hobgoblin is heavily wounded.
You block the hobgoblin's attack.
You barely miss the hobgoblin.
The hobgoblin is moderately wounded.
The hobgoblin completely misses you.
You hit the hobgoblin.
The hobgoblin is severely wounded.
The hobgoblin hits you.
You die...

..# ...... #.#..#.##..# #.#
#...#.##.#...%....# ##.##
#...#.......#.##..# #...##
#...##......#.#.... # #....#
######...##.#.#..#%#...#
###....###.............#..#.#...#
..w....................#..#.#....
######.###......g......#(......##
# #.# #####.@.##.####.#.#.### #.#
#...##............. #.#
#...#######..... #. #### #.#
###...### ..## #. ...#
#.######.......# ... #.
##.###.#.......#.##.#
##.##......##..#.##.##
.......#.#...........#
##.##.##.#..#...###..#


You could see a hobgoblin.

Vanquished Creatures
  3 adders
  A giant cockroach (D:2)
  4 hobgoblins
  2 jackals (D:2)
  A ball python (D:1)
  8 bats
  3 giant newts
  5 goblins
  6 kobolds
  3 rats
36 creatures vanquished.

Notes
Turn   | Place    | Note
--------------------------------------------------------------
     0 | D:1      | Chiseanne, the Spriggan Fighter, began the quest for the Orb.
     0 | D:1      | Reached XP level 1. HP: 11/11 MP: 2/2
   294 | D:1      | Reached skill level 1 in Stealth
   449 | D:1      | Reached XP level 2. HP: 16/16 MP: 4/4
   518 | D:1      | Reached skill level 5 in Dodging
  1300 | D:2      | Reached XP level 3. HP: 16/19 MP: 6/6
  1836 | D:2      | Reached skill level 6 in Dodging
  1972 | D:2      | Slain by a hobgoblin

Action                   || total
-------------------------++-------
Melee: Cutlass           ||   133
 Stab: Sleeping          ||     4
